Stars vs Penguins

Created - 11 janvier 2021 at 20:23

Goals
1 2 3 T
Stars 0 1 3 4
Penguins 0 0 0 0
Shots
1 2 3 T
Stars 9 10 8 27
Penguins 11 10 14 35

1st period

No Goal

Penalties :
Filip Hronek (PIT) for Hooking (Minor) at 18:04

2nd period

1. Stars , John Klingberg 6 (Patrice Bergeron 26) at 16:29 (PP)

Penalties :
Tom Wilson (DAL) for Roughing (Minor) at 12:47, Drew Doughty (PIT) for Holding (Minor) at 16:27, Darnell Nurse (DAL) for Hooking (Minor) at 16:55

3rd period

2. Stars , Nazem Kadri 14 (John Klingberg 23, Darcy Kuemper) at 8:42 (PP)
3. Stars , Nazem Kadri 15 (Sami Vatanen 16) at 11:38
4. Stars , Bo Horvat 13 (Mattias Ekholm 23, Evgenii Dadonov 12) at 14:08 (PP)

Penalties :
Cedric Paquette (PIT) for High sticking (Minor) at 7:30, Alex DeBrincat (PIT) for Hooking (Minor) at 13:06

Goalie Stats

Darcy Kuemper (DAL), 35 saves from 35 shots - (1,000), W, 22-8-4, 60:00 minutes
Connor Hellebuyck (PIT), 23 saves from 27 shots - (0,852), L, 16-17-5, 60:00 minutes

Players Stats for Stars

Player Name              G  A  P  +/- PIM S  H  SB GA TA FO     MP     PP MP  PK MP  
------------------------------------------------------------------------------------
Bo Horvat                1  0  1   1  0   4  0  1  0  0  11/26  20:03   2:06   0:46 
Brandon Tanev            0  0  0   0  0   0  0  0  0  0  0/1     9:30   0:44   2:42 
Darnell Nurse            0  0  0   0  2   0  3  1  0  0  0/0    20:45   0:00   0:37 
Derick Brassard          0  0  0   0  0   2  2  0  0  0  6/13   12:41   0:00   0:00 
Duncan Keith             0  0  0   0  0   1  0  0  0  0  0/0    19:54   1:58   1:52 
Evgenii Dadonov          0  1  1   1  0   3  0  0  0  0  1/1    19:46   2:06   0:29 
James van Riemsdyk       0  0  0   0  0   2  0  0  0  0  0/0    12:41   0:00   0:00 
John Klingberg           1  1  2   0  0   1  2  2  0  0  0/0    23:40   1:58   1:33 
Jon Marchessault         0  0  0   0  0   1  2  0  0  0  0/0    12:41   0:00   0:00 
Josh Leivo               0  0  0   0  0   0  0  0  0  0  0/0     6:18   0:00   0:14 
Mattias Ekholm           0  1  1   0  0   0  3  3  0  0  0/0    21:21   2:17   3:00 
Nazem Kadri              2  0  2   1  0   5  4  0  0  0  1/1    19:20   2:09   0:00 
Patrice Bergeron         0  1  1   0  0   4  0  0  0  0  11/22  18:30   2:09   0:30 
Sami Vatanen             0  1  1   1  0   0  2  0  0  0  0/0    18:45   2:17   0:54 
Scott Mayfield           0  0  0   1  0   0  0  2  0  0  0/0    15:34   0:00   0:00 
Teddy Blueger            0  0  0   0  0   0  1  0  0  0  4/11    8:46   0:00   2:42 
Tom Wilson               0  0  0   0  2   3  3  0  0  0  0/2    18:32   2:09   0:33 
Tyler Toffoli            0  0  0   0  0   1  0  0  0  0  0/2    17:13   1:22   0:00 

Players Stats for Penguins

Player Name              G  A  P  +/- PIM S  H  SB GA TA FO     MP     PP MP  PK MP  
------------------------------------------------------------------------------------
Adrian Kempe             0  0  0   0  0   1  0  0  0  0  4/11    5:45   0:00   1:01 
Alex DeBrincat           0  0  0   0  2   3  0  0  0  0  0/3    20:21   1:52   0:50 
Brent Seabrook           0  0  0   0  0   1  0  0  0  0  0/0    13:51   0:00   0:36 
Cedric Paquette          0  0  0   0  2   0  1  1  0  0  1/6     7:12   0:00   2:29 
Clayton Keller           0  0  0   0  0   2  0  0  0  0  2/3    12:16   0:00   0:00 
David Perron             0  0  0  -1  0   0  1  0  0  0  3/4    21:42   2:06   2:29 
Drew Doughty             0  0  0   0  2   3  1  3  0  0  0/0    23:24   2:05   1:37 
Filip Hronek             0  0  0  -1  2   1  1  1  0  0  0/0    21:52   1:53   1:11 
Gabriel Landeskog        0  0  0  -1  0   3  0  0  0  0  0/0    19:56   2:06   0:43 
Joe Thornton             0  0  0   0  0   1  1  0  0  0  10/14  12:28   0:00   0:12 
Marcus Pettersson        0  0  0   0  0   0  0  1  0  0  0/0    14:52   0:00   1:37 
Mark Giordano            0  0  0   0  0   1  1  0  0  0  0/0    23:01   1:53   1:25 
Mark Scheifele           0  0  0  -1  0   5  1  0  0  0  10/17  19:36   2:06   0:23 
Nathan MacKinnon         0  0  0   0  0   6  0  0  0  0  15/21  19:32   1:52   0:00 
Oliver Bjorkstrand       0  0  0   0  0   1  2  0  0  0  0/0    12:16   0:00   0:00 
Oskar Lindblom           0  0  0   0  0   1  1  0  0  0  0/0     5:07   0:00   0:23 
Patrik Laine             0  0  0   0  0   4  1  0  0  0  0/0    19:32   1:52   0:00 
Shea Weber               0  0  0  -1  0   2  1  3  0  0  0/0    22:58   2:05   2:04 

3 Stars

1 - Darcy Kuemper (DAL)
2 - Nazem Kadri (DAL)
3 - John Klingberg (DAL)

Power Play

Stars - 3 on 4 Attempt(s) - 75,00%
Penguins - 0 on 2 Attempt(s) - 0,00%

Penalty Kill

Stars - 2 on 2 Attempt(s) - 100,00% - Score 0 goal in Penalty Kill
Penguins - 1 on 4 Attempt(s) - 25,00% - Score 0 goal in Penalty Kill

Team Stat

Stars - Hits : 22 - Faceoff Wins : 34 - Blocked Shots : 9 - Penalty Minutes : 4
Penguins - Hits : 12 - Faceoff Wins : 45 - Blocked Shots : 9 - Penalty Minutes : 8

Official

Referees : Jim Curtin and Jon McIsaac
Linesman : Steve Barton and David Brisebois

Game Notes

No Game Note

Finance

Level 1 -- Attendance: 6050 (93,08%) -- Ticket Income 707 850 $
Level 2 -- Attendance: 5000 (100,00%) -- Ticket Income 415 000 $
Level 3 -- Attendance: 3082 (88,06%) -- Ticket Income 191 084 $
Level 4 -- Attendance: 2387 (100,00%) -- Ticket Income 107 415 $
Luxury Box -- Attendance: 1000 (100,00%) -- Ticket Income 225 000 $
Game was played at the Consol Energy Center.
Total Attendance: 17519 (95,28%)
Total Ticket Income: 1 646 349 $
Other Income: 806 711 $
Total Income: 2 453 060 $

% Time on Ice - Stars

Lines # - Real PCT - Wanted PCT - Time Play
Normal Forward
1 - 33% - 36% - 17:11
2 - 31% - 31% - 15:51
3 - 24% - 23% - 12:41
4 - 12% - 10% - 6:04
Normal Defense
1 - 36% - 40% - 18:34
2 - 31% - 30% - 16:04
3 - 30% - 20% - 15:34
4 - 3% - 10% - 1:35
PP Forward
1 - 51% - 60% - 2:09
2 - 49% - 40% - 2:06
PP Defense
1 - 46% - 60% - 1:58
2 - 54% - 40% - 2:17
PK Forward
1 - 81% - 60% - 3:12
2 - 19% - 40% - 0:46
PK Defense
1 - 53% - 60% - 2:06
2 - 47% - 40% - 1:52
PK3 Forward
1 - 0% - 60%
2 - 0% - 40%
PK3 Defense
1 - 0% - 60%
2 - 0% - 40%
44 Forward
1 - 0% - 60%
2 - 0% - 40%
44 Defense
1 - 0% - 60%
2 - 0% - 40%
Last Minute Offensive  - 0:00
Last Minute Defensive  - 0:00
Total
Forward - 60:00
Defense - 60:00

% Time on Ice - Penguins

Lines # - Real PCT - Wanted PCT - Time Play
Normal Forward
1 - 34% - 35% - 17:40
2 - 33% - 33% - 17:07
3 - 24% - 22% - 12:16
4 - 9% - 10% - 4:44
Normal Defense
1 - 38% - 40% - 19:43
2 - 29% - 30% - 14:52
3 - 26% - 20% - 13:15
4 - 8% - 10% - 3:57
PP Forward
1 - 47% - 60% - 1:52
2 - 53% - 40% - 2:06
PP Defense
1 - 53% - 60% - 2:05
2 - 47% - 40% - 1:53
PK Forward
1 - 91% - 60% - 3:52
2 - 9% - 40% - 0:23
PK Defense
1 - 41% - 60% - 1:44
2 - 59% - 40% - 2:31
PK3 Forward
1 - 0% - 60%
2 - 0% - 40%
PK3 Defense
1 - 0% - 60%
2 - 0% - 40%
44 Forward
1 - 0% - 60%
2 - 0% - 40%
44 Defense
1 - 0% - 60%
2 - 0% - 40%
Last Minute Offensive  - 0:00
Last Minute Defensive  - 0:00
Total
Forward - 60:00
Defense - 60:00

Play-by-Play

1st period


0:01 of 1st period - Bo Horvat wins face-off versus Nathan MacKinnon in neutral zone.
0:08 of 1st period - Shot by Nazem Kadri.
0:08 of 1st period - Stopped by Connor Hellebuyck without a rebound.
0:09 of 1st period - Patrice Bergeron wins face-off versus Mark Scheifele in Penguins zone.
0:31 of 1st period - Icing by Filip Hronek.
0:32 of 1st period - Mark Scheifele wins face-off versus Derick Brassard in Penguins zone.
1:28 of 1st period - Drew Doughty is hit by Jon Marchessault and loses puck.
1:40 of 1st period - Icing by Nathan MacKinnon.
1:41 of 1st period - Bo Horvat wins face-off versus Nathan MacKinnon in Penguins zone.
2:02 of 1st period - Shot by Alex DeBrincat.
2:02 of 1st period - Stopped by Darcy Kuemper without a rebound.
2:03 of 1st period - Joe Thornton wins face-off versus Patrice Bergeron in Stars zone.
2:28 of 1st period - Shot by Patrice Bergeron.
2:28 of 1st period - Stopped by Connor Hellebuyck without a rebound.
2:29 of 1st period - Bo Horvat wins face-off versus Adrian Kempe in Penguins zone.
2:30 of 1st period - Shot by Nazem Kadri.
2:30 of 1st period - Stopped by Connor Hellebuyck without a rebound.
2:31 of 1st period - Teddy Blueger wins face-off versus Adrian Kempe in Penguins zone.
3:09 of 1st period - Brandon Tanev is hit by Filip Hronek and loses puck.
3:43 of 1st period - Shot by Bo Horvat.
3:43 of 1st period - Deflect By Evgenii Dadonov.
3:43 of 1st period - Stopped by Connor Hellebuyck with a rebound.
4:25 of 1st period - Joe Thornton is hit by Nazem Kadri and loses puck.
5:10 of 1st period - Shot by Tom Wilson.
5:10 of 1st period - Shot Misses the Net.
5:14 of 1st period - Shot by Tom Wilson.
5:14 of 1st period - Stopped by Connor Hellebuyck without a rebound.
5:15 of 1st period - Derick Brassard wins face-off versus Mark Scheifele in Penguins zone.
5:18 of 1st period - Shot by James van Riemsdyk.
5:18 of 1st period - Stopped by Connor Hellebuyck with a rebound.
5:20 of 1st period - Shot by Sami Vatanen.
5:20 of 1st period - Shot Misses the Net.
5:22 of 1st period - Shot by Derick Brassard.
5:22 of 1st period - Shot Blocked by Filip Hronek.
5:28 of 1st period - Shot by James van Riemsdyk.
5:28 of 1st period - Shot Misses the Net.
5:30 of 1st period - Shot by Jon Marchessault.
5:30 of 1st period - Shot Blocked by Shea Weber.
5:43 of 1st period - Sami Vatanen is hit by David Perron and loses puck.
5:51 of 1st period - Mark Scheifele is hit by Sami Vatanen and loses puck.
7:32 of 1st period - Shot by Clayton Keller.
7:32 of 1st period - Stopped by Darcy Kuemper with a rebound.
7:47 of 1st period - Shot by Mark Giordano.
7:47 of 1st period - Shot Misses the Net.
7:53 of 1st period - Shot by Oliver Bjorkstrand.
7:53 of 1st period - Shot Misses the Net.
7:55 of 1st period - Shot by Drew Doughty.
7:55 of 1st period - Stopped by Darcy Kuemper without a rebound.
7:56 of 1st period - Bo Horvat wins face-off versus Adrian Kempe in Stars zone.
8:01 of 1st period - Cedric Paquette is hit by Nazem Kadri and loses puck.
8:10 of 1st period - Shot by Nazem Kadri.
8:10 of 1st period - Shot Misses the Net.
8:17 of 1st period - Off-side.
8:18 of 1st period - Nathan MacKinnon wins face-off versus Teddy Blueger in neutral zone.
8:42 of 1st period - Off-side.
8:43 of 1st period - Mark Scheifele wins face-off versus Bo Horvat in neutral zone.
9:07 of 1st period - Shot by Evgenii Dadonov.
9:07 of 1st period - Shot Blocked by Drew Doughty.
10:08 of 1st period - Nathan MacKinnon is hit by Derick Brassard and loses puck.
10:19 of 1st period - Shot by Nathan MacKinnon.
10:19 of 1st period - Shot Misses the Net.
10:21 of 1st period - Shot by Filip Hronek.
10:21 of 1st period - Stopped by Darcy Kuemper with a rebound.
10:23 of 1st period - Shot by Shea Weber.
10:23 of 1st period - Shot Misses the Net.
10:25 of 1st period - Shot by Shea Weber.
10:25 of 1st period - Stopped by Darcy Kuemper with a rebound.
10:27 of 1st period - Shot by Filip Hronek.
10:27 of 1st period - Shot Misses the Net.
10:29 of 1st period - Shot by Shea Weber.
10:29 of 1st period - Shot Blocked by Scott Mayfield.
10:31 of 1st period - Shot by Shea Weber.
10:31 of 1st period - Stopped by Darcy Kuemper without a rebound.
10:32 of 1st period - Patrice Bergeron wins face-off versus Joe Thornton in Stars zone.
10:32 of 1st period - Patrice Bergeron is hit by Oliver Bjorkstrand.
10:37 of 1st period - Off-side.
10:38 of 1st period - Joe Thornton wins face-off versus Patrice Bergeron in neutral zone.
10:38 of 1st period - Clayton Keller is hit by Tom Wilson and loses puck.
10:42 of 1st period - Marcus Pettersson is hit by Darnell Nurse.
10:50 of 1st period - Brent Seabrook is hit by Tom Wilson and loses puck.
10:54 of 1st period - Icing by Brent Seabrook.
10:55 of 1st period - Joe Thornton wins face-off versus Bo Horvat in Penguins zone.
11:10 of 1st period - Shot by Evgenii Dadonov.
11:10 of 1st period - Shot Misses the Net.
11:27 of 1st period - Oliver Bjorkstrand is hit by Mattias Ekholm and loses puck.
11:49 of 1st period - Shot by Patrik Laine.
11:49 of 1st period - Shot Misses the Net.
11:59 of 1st period - Shot by Nathan MacKinnon.
11:59 of 1st period - Stopped by Darcy Kuemper with a rebound.
12:01 of 1st period - Shot by Mark Giordano.
12:01 of 1st period - Stopped by Darcy Kuemper without a rebound.
12:02 of 1st period - Mark Scheifele wins face-off versus Brandon Tanev in Stars zone.
12:05 of 1st period - Shot by Mark Scheifele.
12:05 of 1st period - Stopped by Darcy Kuemper without a rebound.
12:06 of 1st period - Teddy Blueger wins face-off versus Mark Scheifele in Stars zone.
13:12 of 1st period - Shot by Nathan MacKinnon.
13:12 of 1st period - Shot Misses the Net.
13:26 of 1st period - Tyler Toffoli is hit by Mark Giordano and loses puck.
13:52 of 1st period - Shot by Nazem Kadri.
13:52 of 1st period - Shot Misses the Net.
13:56 of 1st period - Shot by Bo Horvat.
13:56 of 1st period - Stopped by Connor Hellebuyck without a rebound.
13:57 of 1st period - Adrian Kempe wins face-off versus Derick Brassard in Penguins zone.
14:06 of 1st period - Shot by Adrian Kempe.
14:06 of 1st period - Stopped by Darcy Kuemper without a rebound.
14:07 of 1st period - Joe Thornton wins face-off versus Bo Horvat in Stars zone.
14:36 of 1st period - Shot by Marcus Pettersson.
14:36 of 1st period - Shot Misses the Net.
15:26 of 1st period - Shot by Gabriel Landeskog.
15:26 of 1st period - Deflect By Mark Scheifele.
15:26 of 1st period - Stopped by Darcy Kuemper without a rebound.
15:27 of 1st period - Patrice Bergeron wins face-off versus Nathan MacKinnon in Stars zone.
15:52 of 1st period - Shot by Tom Wilson.
15:52 of 1st period - Shot Blocked by Drew Doughty.
16:17 of 1st period - Icing by Mark Giordano.
16:18 of 1st period - Nathan MacKinnon wins face-off versus Derick Brassard in Penguins zone.
16:18 of 1st period - Drew Doughty is hit by Derick Brassard and loses puck.
16:33 of 1st period - Shot by Jon Marchessault.
16:33 of 1st period - Shot Misses the Net.
17:22 of 1st period - Icing by Drew Doughty.
17:23 of 1st period - Nathan MacKinnon wins face-off versus Patrice Bergeron in Penguins zone.
17:41 of 1st period - Shot by Patrice Bergeron.
17:41 of 1st period - Shot Hit the Post.
18:03 of 1st period - Shot by Tom Wilson.
18:03 of 1st period - Shot Blocked by Shea Weber.
18:04 of 1st period - Minor Penalty to Filip Hronek for Hooking.
18:05 of 1st period - Bo Horvat wins face-off versus Cedric Paquette in Penguins zone.
18:06 of 1st period - Shot by Evgenii Dadonov.
18:06 of 1st period - Shot Blocked by Marcus Pettersson.
18:08 of 1st period - Shot by Duncan Keith.
18:08 of 1st period - Stopped by Connor Hellebuyck without a rebound.
18:09 of 1st period - Bo Horvat wins face-off versus Cedric Paquette in Penguins zone.
18:10 of 1st period - Shot by Duncan Keith.
18:10 of 1st period - Shot Misses the Net.
18:23 of 1st period - Icing by Bo Horvat.
18:24 of 1st period - Cedric Paquette wins face-off versus Bo Horvat in Stars zone.
18:45 of 1st period - Shot by Bo Horvat.
18:45 of 1st period - Stopped by Connor Hellebuyck without a rebound.
18:46 of 1st period - Patrice Bergeron wins face-off versus Cedric Paquette in Penguins zone.
Goals for this period are 0 for Stars vs 0 for Penguins.
Shots for this period are 9 for Stars vs 11 for Penguins.

2nd period


0:01 of 2nd period - David Perron wins face-off versus Patrice Bergeron in neutral zone.
1:12 of 2nd period - Shot by Gabriel Landeskog.
1:12 of 2nd period - Shot Blocked by Mattias Ekholm.
1:33 of 2nd period - Off-side.
1:34 of 2nd period - Joe Thornton wins face-off versus Tyler Toffoli in neutral zone.
3:24 of 2nd period - Shot by Mark Scheifele.
3:24 of 2nd period - Stopped by Darcy Kuemper without a rebound.
3:25 of 2nd period - Nathan MacKinnon wins face-off versus Bo Horvat in Stars zone.
3:34 of 2nd period - Shot by Filip Hronek.
3:34 of 2nd period - Shot Blocked by Bo Horvat.
3:36 of 2nd period - Shot by Shea Weber.
3:36 of 2nd period - Shot Misses the Net.
3:38 of 2nd period - Shot by Shea Weber.
3:38 of 2nd period - Shot Blocked by Mattias Ekholm.
3:40 of 2nd period - Shot by Filip Hronek.
3:40 of 2nd period - Shot Misses the Net.
3:42 of 2nd period - Shot by Patrik Laine.
3:42 of 2nd period - Stopped by Darcy Kuemper without a rebound.
3:43 of 2nd period - Derick Brassard wins face-off versus Mark Scheifele in Stars zone.
4:30 of 2nd period - Gabriel Landeskog is hit by John Klingberg and loses puck.
4:49 of 2nd period - Shot by Evgenii Dadonov.
4:49 of 2nd period - Stopped by Connor Hellebuyck without a rebound.
4:50 of 2nd period - Patrice Bergeron wins face-off versus Adrian Kempe in Penguins zone.
4:54 of 2nd period - Tyler Toffoli is hit by Drew Doughty.
5:10 of 2nd period - Shot by Patrice Bergeron.
5:10 of 2nd period - Stopped by Connor Hellebuyck without a rebound.
5:11 of 2nd period - Joe Thornton wins face-off versus Bo Horvat in Penguins zone.
5:17 of 2nd period - Shea Weber is hit by John Klingberg and loses puck.
7:11 of 2nd period - Icing by Mark Giordano.
7:12 of 2nd period - Teddy Blueger wins face-off versus Mark Scheifele in Penguins zone.
7:55 of 2nd period - Shot by Nathan MacKinnon.
7:55 of 2nd period - Shot Blocked by Scott Mayfield.
7:57 of 2nd period - Shot by Brent Seabrook.
7:57 of 2nd period - Stopped by Darcy Kuemper without a rebound.
7:58 of 2nd period - Adrian Kempe wins face-off versus Bo Horvat in Stars zone.
8:03 of 2nd period - Shot by Oskar Lindblom.
8:03 of 2nd period - Stopped by Darcy Kuemper without a rebound.
8:04 of 2nd period - Joe Thornton wins face-off versus Bo Horvat in Stars zone.
8:11 of 2nd period - Shot by Nazem Kadri.
8:11 of 2nd period - Stopped by Connor Hellebuyck without a rebound.
8:12 of 2nd period - Nathan MacKinnon wins face-off versus Bo Horvat in Penguins zone.
8:40 of 2nd period - Shot by Bo Horvat.
8:40 of 2nd period - Stopped by Connor Hellebuyck with a rebound.
8:55 of 2nd period - Nazem Kadri is hit by Shea Weber and loses puck.
9:58 of 2nd period - Mark Giordano is hit by Mattias Ekholm and loses puck.
10:18 of 2nd period - Icing by Brent Seabrook.
10:19 of 2nd period - Joe Thornton wins face-off versus Derick Brassard in Penguins zone.
10:42 of 2nd period - Shot by Jon Marchessault.
10:42 of 2nd period - Shot Misses the Net.
10:44 of 2nd period - Shot by Sami Vatanen.
10:44 of 2nd period - Deflect By James van Riemsdyk.
10:44 of 2nd period - Stopped by Connor Hellebuyck with a rebound.
10:46 of 2nd period - Shot by Derick Brassard.
10:46 of 2nd period - Deflect By Jon Marchessault.
10:46 of 2nd period - Stopped by Connor Hellebuyck without a rebound.
10:47 of 2nd period - Adrian Kempe wins face-off versus Bo Horvat in Penguins zone.
10:47 of 2nd period - Adrian Kempe is hit by Nazem Kadri.
11:10 of 2nd period - Cedric Paquette is hit by Darnell Nurse and loses puck.
11:23 of 2nd period - Shot by Adrian Kempe.
11:23 of 2nd period - Shot Misses the Net.
11:25 of 2nd period - Shot by Cedric Paquette.
11:25 of 2nd period - Shot Misses the Net.
11:47 of 2nd period - Shot by Mark Scheifele.
11:47 of 2nd period - Shot Blocked by Darnell Nurse.
12:37 of 2nd period - Shot by Derick Brassard.
12:37 of 2nd period - Stopped by Connor Hellebuyck without a rebound.
12:38 of 2nd period - Joe Thornton wins face-off versus Patrice Bergeron in Penguins zone.
12:47 of 2nd period - Minor Penalty to Tom Wilson for Roughing.
12:48 of 2nd period - Nathan MacKinnon wins face-off versus Teddy Blueger in Stars zone.
12:59 of 2nd period - Shot by Drew Doughty.
12:59 of 2nd period - Stopped by Darcy Kuemper without a rebound.
13:00 of 2nd period - Nathan MacKinnon wins face-off versus Teddy Blueger in Stars zone.
14:21 of 2nd period - Shot by Gabriel Landeskog.
14:21 of 2nd period - Stopped by Darcy Kuemper with a rebound.
15:26 of 2nd period - Shot by Derick Brassard.
15:26 of 2nd period - Stopped by Connor Hellebuyck without a rebound.
15:27 of 2nd period - Patrice Bergeron wins face-off versus Adrian Kempe in Penguins zone.
15:36 of 2nd period - Shot by Tom Wilson.
15:36 of 2nd period - Shot Blocked by Drew Doughty.
15:38 of 2nd period - Shot by Tyler Toffoli.
15:38 of 2nd period - Stopped by Connor Hellebuyck without a rebound.
15:39 of 2nd period - Nathan MacKinnon wins face-off versus Tyler Toffoli in Penguins zone.
15:52 of 2nd period - Shot by Patrik Laine.
15:52 of 2nd period - Stopped by Darcy Kuemper without a rebound.
15:53 of 2nd period - Mark Scheifele wins face-off versus Bo Horvat in Stars zone.
16:27 of 2nd period - Minor Penalty to Drew Doughty for Holding.
16:28 of 2nd period - Patrice Bergeron wins face-off versus Cedric Paquette in Penguins zone.
16:29 of 2nd period - Shot by John Klingberg.
16:29 of 2nd period - Goal by John Klingberg - Stars : 1 - Penguins : 0.
16:30 of 2nd period - Patrice Bergeron wins face-off versus Nathan MacKinnon in neutral zone.
16:55 of 2nd period - Minor Penalty to Darnell Nurse for Hooking.
16:56 of 2nd period - Mark Scheifele wins face-off versus Teddy Blueger in Stars zone.
17:05 of 2nd period - Shot by Drew Doughty.
17:05 of 2nd period - Stopped by Darcy Kuemper without a rebound.
17:06 of 2nd period - Teddy Blueger wins face-off versus David Perron in Stars zone.
17:21 of 2nd period - Shot by Mark Scheifele.
17:21 of 2nd period - Stopped by Darcy Kuemper without a rebound.
17:22 of 2nd period - Nathan MacKinnon wins face-off versus Teddy Blueger in Stars zone.
17:35 of 2nd period - Shot by Nathan MacKinnon.
17:35 of 2nd period - Stopped by Darcy Kuemper with a rebound.
17:37 of 2nd period - Shot by Patrik Laine.
17:37 of 2nd period - Shot Blocked by Mattias Ekholm.
17:39 of 2nd period - Shot by Shea Weber.
17:39 of 2nd period - Shot Blocked by John Klingberg.
17:41 of 2nd period - Shot by Nathan MacKinnon.
17:41 of 2nd period - Shot Misses the Net.
17:45 of 2nd period - Shot by Drew Doughty.
17:45 of 2nd period - Deflect By Patrik Laine.
17:45 of 2nd period - Shot Misses the Net.
17:47 of 2nd period - Shot by Shea Weber.
17:47 of 2nd period - Shot Misses the Net.
18:27 of 2nd period - Shot by David Perron.
18:27 of 2nd period - Shot Misses the Net.
18:34 of 2nd period - Icing by Filip Hronek.
18:35 of 2nd period - Mark Scheifele wins face-off versus Bo Horvat in Penguins zone.
18:46 of 2nd period - Shot by Gabriel Landeskog.
18:46 of 2nd period - Shot Misses the Net.
19:15 of 2nd period - Icing by Scott Mayfield.
19:16 of 2nd period - Derick Brassard wins face-off versus Adrian Kempe in Stars zone.
19:16 of 2nd period - James van Riemsdyk is hit by Cedric Paquette.
19:56 of 2nd period - Evgenii Dadonov is hit by Oskar Lindblom and loses puck.
Goals for this period are 1 for Stars vs 0 for Penguins.
Shots for this period are 10 for Stars vs 10 for Penguins.

3rd period


0:01 of 3rd period - Nathan MacKinnon wins face-off versus Bo Horvat in neutral zone.
0:20 of 3rd period - Shot by Nathan MacKinnon.
0:20 of 3rd period - Stopped by Darcy Kuemper with a rebound.
0:42 of 3rd period - Shot by Patrik Laine.
0:42 of 3rd period - Stopped by Darcy Kuemper without a rebound.
0:43 of 3rd period - Patrice Bergeron wins face-off versus Mark Scheifele in Stars zone.
0:43 of 3rd period - Mattias Ekholm is hit by Mark Scheifele and loses puck.
1:32 of 3rd period - Shea Weber is hit by Tom Wilson and loses puck.
1:47 of 3rd period - Shot by Derick Brassard.
1:47 of 3rd period - Shot Misses the Net.
1:49 of 3rd period - Shot by Scott Mayfield.
1:49 of 3rd period - Deflect By Jon Marchessault.
1:49 of 3rd period - Shot Blocked by Shea Weber.
2:18 of 3rd period - Icing by Scott Mayfield.
2:19 of 3rd period - Derick Brassard wins face-off versus Nathan MacKinnon in Stars zone.
2:35 of 3rd period - Shot by Alex DeBrincat.
2:35 of 3rd period - Deflect By Patrik Laine.
2:35 of 3rd period - Stopped by Darcy Kuemper without a rebound.
2:36 of 3rd period - Bo Horvat wins face-off versus Joe Thornton in Stars zone.
3:01 of 3rd period - Shot by Clayton Keller.
3:01 of 3rd period - Stopped by Darcy Kuemper without a rebound.
3:02 of 3rd period - Patrice Bergeron wins face-off versus Alex DeBrincat in Stars zone.
3:02 of 3rd period - Patrice Bergeron is hit by Patrik Laine.
3:30 of 3rd period - Shot by Patrice Bergeron.
3:30 of 3rd period - Stopped by Connor Hellebuyck without a rebound.
3:31 of 3rd period - Clayton Keller wins face-off versus Bo Horvat in Penguins zone.
3:59 of 3rd period - Bo Horvat is hit by Oliver Bjorkstrand and loses puck.
4:23 of 3rd period - Shot by Nathan MacKinnon.
4:23 of 3rd period - Deflect By Alex DeBrincat.
4:23 of 3rd period - Shot Misses the Net.
4:29 of 3rd period - Shot by Nathan MacKinnon.
4:29 of 3rd period - Stopped by Darcy Kuemper with a rebound.
4:35 of 3rd period - Shot by Alex DeBrincat.
4:35 of 3rd period - Stopped by Darcy Kuemper without a rebound.
4:36 of 3rd period - David Perron wins face-off versus Patrice Bergeron in Stars zone.
4:55 of 3rd period - Shot by Gabriel Landeskog.
4:55 of 3rd period - Stopped by Darcy Kuemper without a rebound.
4:56 of 3rd period - Nathan MacKinnon wins face-off versus Derick Brassard in Stars zone.
5:14 of 3rd period - Patrik Laine is hit by Sami Vatanen and loses puck.
7:14 of 3rd period - Icing by Darnell Nurse.
7:15 of 3rd period - Adrian Kempe wins face-off versus Patrice Bergeron in Stars zone.
7:18 of 3rd period - Shot by Adrian Kempe.
7:18 of 3rd period - Shot Blocked by John Klingberg.
7:30 of 3rd period - Minor Penalty to Cedric Paquette for High sticking.
7:31 of 3rd period - Bo Horvat wins face-off versus Alex DeBrincat in Penguins zone.
8:02 of 3rd period - Shot by Evgenii Dadonov.
8:02 of 3rd period - Shot Misses the Net.
8:42 of 3rd period - Shot by Nazem Kadri.
8:42 of 3rd period - Goal by Nazem Kadri - Stars : 2 - Penguins : 0.
8:43 of 3rd period - Derick Brassard wins face-off versus Joe Thornton in neutral zone.
10:01 of 3rd period - Icing by Alex DeBrincat.
10:02 of 3rd period - Evgenii Dadonov wins face-off versus Nathan MacKinnon in Penguins zone.
10:17 of 3rd period - Shot by Evgenii Dadonov.
10:17 of 3rd period - Shot Hit the Post.
10:20 of 3rd period - Icing by Drew Doughty.
10:21 of 3rd period - Nathan MacKinnon wins face-off versus Tom Wilson in Penguins zone.
10:26 of 3rd period - Shot by Nathan MacKinnon.
10:26 of 3rd period - Shot Misses the Net.
10:30 of 3rd period - Shot by Nathan MacKinnon.
10:30 of 3rd period - Deflect By Patrik Laine.
10:30 of 3rd period - Shot Misses the Net.
10:52 of 3rd period - Shot by Gabriel Landeskog.
10:52 of 3rd period - Stopped by Darcy Kuemper without a rebound.
10:53 of 3rd period - Bo Horvat wins face-off versus Mark Scheifele in Stars zone.
10:57 of 3rd period - Icing by Evgenii Dadonov.
10:58 of 3rd period - Mark Scheifele wins face-off versus Bo Horvat in Stars zone.
11:38 of 3rd period - Shot by Nazem Kadri.
11:38 of 3rd period - Goal by Nazem Kadri - Stars : 3 - Penguins : 0.
11:39 of 3rd period - Joe Thornton wins face-off versus Patrice Bergeron in neutral zone.
11:51 of 3rd period - Icing by Darnell Nurse.
11:52 of 3rd period - Nathan MacKinnon wins face-off versus Patrice Bergeron in Stars zone.
11:53 of 3rd period - Shot by Alex DeBrincat.
11:53 of 3rd period - Shot Misses the Net.
12:12 of 3rd period - Shot by Tom Wilson.
12:12 of 3rd period - Stopped by Connor Hellebuyck without a rebound.
12:13 of 3rd period - Mark Scheifele wins face-off versus Derick Brassard in Penguins zone.
12:13 of 3rd period - Mark Scheifele is hit by Jon Marchessault.
12:57 of 3rd period - Shot by Mark Scheifele.
12:57 of 3rd period - Shot Misses the Net.
13:06 of 3rd period - Minor Penalty to Alex DeBrincat for Hooking.
13:07 of 3rd period - David Perron wins face-off versus Tom Wilson in Penguins zone.
13:07 of 3rd period - David Perron is hit by Nazem Kadri.
13:38 of 3rd period - Shot by Tom Wilson.
13:38 of 3rd period - Stopped by Connor Hellebuyck without a rebound.
13:39 of 3rd period - Bo Horvat wins face-off versus Cedric Paquette in Penguins zone.
13:40 of 3rd period - Shot by Sami Vatanen.
13:40 of 3rd period - Shot Blocked by Cedric Paquette.
13:42 of 3rd period - Shot by Mattias Ekholm.
13:42 of 3rd period - Shot Misses the Net.
14:08 of 3rd period - Shot by Bo Horvat.
14:08 of 3rd period - Goal by Bo Horvat - Stars : 4 - Penguins : 0.
14:09 of 3rd period - Nathan MacKinnon wins face-off versus Teddy Blueger in neutral zone.
14:09 of 3rd period - Nathan MacKinnon is hit by Teddy Blueger.
14:12 of 3rd period - Brent Seabrook is hit by Darnell Nurse and loses puck.
15:02 of 3rd period - Off-side.
15:03 of 3rd period - Nazem Kadri wins face-off versus Joe Thornton in neutral zone.
15:23 of 3rd period - Shot by Oliver Bjorkstrand.
15:23 of 3rd period - Stopped by Darcy Kuemper without a rebound.
15:24 of 3rd period - Patrice Bergeron wins face-off versus Adrian Kempe in Stars zone.
15:26 of 3rd period - Icing by Tyler Toffoli.
15:27 of 3rd period - Mark Scheifele wins face-off versus Patrice Bergeron in Stars zone.
15:33 of 3rd period - David Perron is hit by Mattias Ekholm and loses puck.
15:47 of 3rd period - Icing by Patrice Bergeron.
15:48 of 3rd period - Nathan MacKinnon wins face-off versus Patrice Bergeron in Stars zone.
17:03 of 3rd period - Shot by Mark Scheifele.
17:03 of 3rd period - Stopped by Darcy Kuemper without a rebound.
17:04 of 3rd period - Clayton Keller wins face-off versus Derick Brassard in Stars zone.
17:07 of 3rd period - Shot by Joe Thornton.
17:07 of 3rd period - Stopped by Darcy Kuemper without a rebound.
17:08 of 3rd period - Derick Brassard wins face-off versus Clayton Keller in Stars zone.
17:08 of 3rd period - Derick Brassard is hit by Joe Thornton.
17:40 of 3rd period - Shot by Oliver Bjorkstrand.
17:40 of 3rd period - Shot Misses the Net.
18:11 of 3rd period - Shot by Tyler Toffoli.
18:11 of 3rd period - Shot Misses the Net.
18:19 of 3rd period - Shot by Patrice Bergeron.
18:19 of 3rd period - Stopped by Connor Hellebuyck without a rebound.
18:20 of 3rd period - Bo Horvat wins face-off versus Alex DeBrincat in Penguins zone.
18:27 of 3rd period - Shot by Evgenii Dadonov.
18:27 of 3rd period - Stopped by Connor Hellebuyck with a rebound.
18:41 of 3rd period - Shot by Nathan MacKinnon.
18:41 of 3rd period - Stopped by Darcy Kuemper without a rebound.
18:42 of 3rd period - Mark Scheifele wins face-off versus Teddy Blueger in Stars zone.
19:01 of 3rd period - Shot by Brandon Tanev.
19:01 of 3rd period - Shot Misses the Net.
19:19 of 3rd period - Shot by Gabriel Landeskog.
19:19 of 3rd period - Shot Misses the Net.
19:47 of 3rd period - Shot by Nathan MacKinnon.
19:47 of 3rd period - Shot Misses the Net.
19:49 of 3rd period - Shot by Alex DeBrincat.
19:49 of 3rd period - Shot Misses the Net.
19:57 of 3rd period - Shot by Nathan MacKinnon.
19:57 of 3rd period - Stopped by Darcy Kuemper with a rebound.
19:59 of 3rd period - Shot by Alex DeBrincat.
19:59 of 3rd period - Stopped by Darcy Kuemper without a rebound.
Goals for this period are 3 for Stars vs 0 for Penguins.
Shots for this period are 8 for Stars vs 14 for Penguins.